 Dungeon Crawl Stone Soup version 0.30-a0-777-ga9a30cbeda (webtiles) character file.

Game seed: 7005555240889070684

12226 HammerPanzer the Executioner (level 11, -1/82 HPs)
             Began as a Minotaur Berserker on Feb 13, 2023.
             Was a High Priest of Trog.
             Slain by a death yak simulacrum (26 damage)
             ... in an ice cave.
             The game lasted 00:28:36 (9478 turns).

HammerPanzer the Executioner (Minotaur Berserker)   Turns: 9478, Time: 00:28:36

Health: -1/82      AC: 21    Str: 27    XL:     11   Next: 59%
Magic:  10/10      EV:  8    Int:  4    God:    Trog [*****.]
Gold:   1208       SH:  4    Dex:  9    Spells: 10/10 levels left

rFire   + . .      SeeInvis .    F - +2 hand axe (flame)
rCold   . . .      Faith    .    v - +2 buckler
rNeg    . . .      Spirit   .    z - +2 shadow dragon scales
rPois   .          Reflect  .    (helmet restricted)
rElec   .          Harm     .    B - +0 cloak
rCorr   .          Rampage  .    u - +2 pair of gloves
Will    .....                    w - +2 pair of boots
Stlth   ++                       n - amulet of regeneration
HPRegen 1.13/turn                q - ring of protection from fire
MPRegen 0.12/turn                (no ring)

@: on berserk cooldown, slowed, very slow
A: horns 2, retaliatory headbutt
a: Renounce Religion, Berserk, Trog's Hand, Brothers in Arms


You were in an ice cave.
You worshipped Trog.
Trog was extremely pleased with you.
You visited 1 branch of the dungeon, and saw 11 of its levels.
You also visited: Sewer, Bailey and Ice Cave.

You collected 1208 gold pieces.

Inventory:

Hand Weapons
 b - a +0 sling
 x - the +4 morningstar "Pyedo" {flame, rF+}
   (You found it in a bailey)

   rF:        It protects you from fire.
 F - a +2 hand axe of flaming (weapon)
Missiles
 g - 2 curare-tipped darts
 s - 4 throwing nets (quivered)
Armour
 u - a +2 pair of gloves (worn)
 v - a +2 buckler (worn)
 w - a +2 pair of boots (worn)
 z - +2 shadow dragon scales (worn)
 B - a +0 cloak (worn)
Jewellery
 h - an amulet of reflection
 n - an amulet of regeneration (around neck)
 q - a ring of protection from fire (left hand)
Wands
 a - a wand of flame (16)
 r - a wand of roots (8)
 t - a wand of paralysis (23)
 y - a wand of digging (9)
 I - a wand of mindburst (6)
 K - a wand of polymorph (7)
Scrolls
 c - 2 scrolls of teleportation
 l - a scroll of blinking
 E - a scroll of fear
 G - a scroll of magic mapping
 H - 2 scrolls of identify
Potions
 d - 5 potions of lignification
 e - a potion of invisibility
 f - a potion of brilliance
 i - 2 potions of mutation
 j - 3 potions of flight
 k - a potion of resistance
 m - 3 potions of cancellation
 p - 3 potions of curing
 A - 2 potions of heal wounds
 C - 3 potions of haste
 J - a potion of ambrosia
Miscellaneous
 o - a box of beasts
 D - a phial of floods


   Skills:
 - Level 3.6 Fighting
 + Level 21.4 Axes
 - Level 2.4 Armour
 - Level 2.1 Dodging


You had 10 spell levels left.
You didn't know any spells.
Your spell library was empty.

Dungeon Overview and Level Annotations

Branches:
Dungeon (11/15)            Temple (0/1) D:5             Orc (0/2) D:10
  Sewer (visited)          Bailey (visited)           IceCv (1/1)
   Lair: D:8-11

Altars:
Wu Jian

Annotations:
D:7 2 transporters, zurenarrh's ghost, novice NaIE


Innate Abilities, Weirdness & Mutations

You have a pair of horns on your head.
You reflexively headbutt those who attack you in melee.


Message History

You hit the elephant simulacrum.
You melt the elephant simulacrum.
The elephant simulacrum is heavily damaged.
The elephant simulacrum tramples you.
You stumble backwards!
You hit the elephant simulacrum but do no damage.
You headbutt the elephant simulacrum, but do no damage.
The elephant simulacrum is heavily damaged.
You slash the elephant simulacrum!
You melt the elephant simulacrum!
The elephant simulacrum vaporises!
Trog accepts your kill.
You slash the polar bear simulacrum!
You melt the polar bear simulacrum.
The polar bear simulacrum is heavily damaged.
You block the polar bear simulacrum's attack. x2
The polar bear simulacrum claws you but does no damage.
You slash the polar bear simulacrum!
You melt the polar bear simulacrum.
The polar bear simulacrum vaporises!
Trog accepts your kill.
You slash the cane toad simulacrum!
You melt the cane toad simulacrum.
The cane toad simulacrum hits you! The cane toad simulacrum freezes you!!
You slash the cane toad simulacrum!
You melt the cane toad simulacrum.
The cane toad simulacrum vaporises!
Trog accepts your kill.
You hit the death yak simulacrum but do no damage.
You hit the death yak simulacrum but do no damage.
You headbutt the death yak simulacrum.
The death yak simulacrum is lightly damaged.
The death yak simulacrum gores you but does no damage.
You slash the death yak simulacrum!
You melt the death yak simulacrum.
The death yak simulacrum is moderately damaged.
The death yak simulacrum gores you. The death yak simulacrum freezes you!!
* * * LOW HITPOINT WARNING * * *
You feel much better.
You block the death yak simulacrum's attack.
You hit the death yak simulacrum but do no damage.
You headbutt the death yak simulacrum!
The death yak simulacrum is severely damaged.
The death yak simulacrum gores you! The death yak simulacrum freezes you!!!
* * * LOW HITPOINT WARNING * * *
You feel much better. The death yak simulacrum gores you!
The death yak simulacrum freezes you!!
You die...

### #######
$:.. ##.....#
..... ##......#
......#.......#
........Z@..∩.#
......#.......#
..... ##......#
$$.. ##.....#
### #######


You could see a death yak simulacrum.

Vanquished Creatures
  Josephine (D:11)
  Erica (D:11)
  A two-headed ogre (D:11)
  A hornet (D:8)
  4 trolls
  A shadow (D:5)
  2 wyverns
  14 yaks
  The ghost of Flugslaktarn the Chopper, an amateur MiFi (D:4)
  5 wraiths
  2 acid dragons
  A water moccasin (D:5)
  3 orc warriors
  A sky beast (D:8)
  3 black bears
  2 ogres (D:5)
  9 centaurs
  7 wolves (Bailey)
  2 phantoms
  Blork the orc (D:6)
  A kobold brigand (D:8)
  3 bullfrogs
  10 gnoll sergeants
  A cane toad simulacrum (IceCv)
  3 scorpions
  An elephant simulacrum (IceCv)
  12 killer bees
  5 howler monkeys
  10 hounds
  A jelly (D:6)
  3 orc priests
  7 gnoll boudas (Bailey)
  7 iguanas
  11 orc wizards
  A polar bear simulacrum (IceCv)
  24 gnolls
  7 adders
  A shadow imp (D:5)
  2 white imps
  An ufetubus (D:4)
  A worm (D:3)
  2 dart slugs (D:5)
  26 orcs
  18 endoplasms
  20 giant cockroaches
  11 goblins
  5 hobgoblins
  5 jackals
  15 quokkas
  16 ball pythons
  6 bats
  8 frilled lizards
  9 kobolds
  3 rats
318 creatures vanquished.

Vanquished Creatures (others)
  A plant (D:10)
1 creature vanquished.

Grand Total: 319 creatures vanquished

Notes
Turn   | Place    | Note
-------+----------+-------------------------------------------
     0 | D:1      | HammerPanzer the Minotaur Berserker began the quest for the
                  | Orb.
     0 | D:1      | Reached XP level 1. HP: 19/19 MP: 0/0
   151 | D:1      | Reached skill level 4 in Axes
   242 | D:1      | Reached XP level 2. HP: 26/26 MP: 1/1
   555 | D:1      | Reached skill level 5 in Axes
   755 | D:2      | Reached ** piety under Trog
   756 | D:2      | Reached XP level 3. HP: 31/31 MP: 2/2
  1317 | D:2      | Reached skill level 6 in Axes
  1317 | D:2      | Reached XP level 4. HP: 39/39 MP: 3/3
  1467 | D:3      | Found an ornate altar of the Wu Jian Council.
  1744 | D:3      | Reached XP level 5. HP: 41/45 MP: 4/4
  1802 | D:3      | Reached skill level 7 in Axes
  2304 | D:4      | Found a glowing drain.
  2313 | D:4      | Reached *** piety under Trog
  2327 | Sewer    | Entered a sewer
  2528 | Sewer    | Reached **** piety under Trog
  2529 | Sewer    | Reached skill level 8 in Axes
  2544 | Sewer    | Reached XP level 6. HP: 51/51 MP: 5/5
  2653 | D:4      | Reached skill level 9 in Axes
  2659 | D:4      | Reached XP level 7. HP: 48/57 MP: 6/6
  2730 | D:4      | Found a runed translucent gate.
  2731 | D:4      | Found a runed translucent gate.
  2742 | D:4      | Found a runed translucent gate.
  2746 | D:4      | Noticed Flugslaktarn's ghost (amateur MiFi)
  3145 | D:4      | Killed Flugslaktarn's ghost
  3146 | D:4      | Reached skill level 10 in Axes
  3215 | D:4      | Reached skill level 11 in Axes
  3340 | D:5      | Entered Level 5 of the Dungeon
  3363 | D:5      | Identified the +5 dagger "Yrenew" {holy, Will+}
  3474 | D:5      | Reached XP level 8. HP: 64/64 MP: 7/7
  3490 | D:5      | Found a staircase to the Ecumenical Temple.
  3772 | D:5      | Reached skill level 12 in Axes
  3843 | D:5      | Reached skill level 13 in Axes
  3919 | D:5      | Reached skill level 14 in Axes
  3980 | D:5      | Reached XP level 9. HP: 70/70 MP: 8/8
  4553 | D:6      | Reached ***** piety under Trog
  4610 | D:6      | Noticed Blork the orc
  4617 | D:6      | Killed Blork the orc
  4795 | D:6      | Reached skill level 15 in Axes
  4926 | D:6      | Paralysed by a centaur for 4 turns
  5502 | D:7      | Noticed a toenail golem
  5504 | D:7      | Noticed a toenail golem
  5505 | D:7      | Noticed zurenarrh's ghost (novice NaIE)
  5520 | D:7      | Found a transporter.
  5527 | D:7      | Found a transporter.
  5527 | D:7      | Found the +8 demon trident "Rift" {distort, reach+}
  5958 | D:7      | Reached skill level 16 in Axes
  6091 | D:7      | Found a flagged portal.
  6116 | Bailey   | Entered a bailey
  6291 | Bailey   | Reached skill level 17 in Axes
  6301 | Bailey   | Reached XP level 10. HP: 77/77 MP: 9/9
  6407 | Bailey   | Identified the +4 morningstar "Pyedo" {flame, rF+}
  7008 | D:8      | Received a gift from Trog
  7060 | D:8      | Reached skill level 18 in Axes
  8198 | D:10     | Entered Level 10 of the Dungeon
  8220 | D:10     | Reached skill level 19 in Axes
  8381 | D:10     | Found a staircase to the Orcish Mines.
  8878 | D:11     | Noticed Erica
  8896 | D:11     | Killed Erica
  8897 | D:11     | Reached XP level 11. HP: 82/82 MP: 10/10
  8990 | D:11     | Reached skill level 20 in Axes
  9041 | D:11     | Noticed Josephine
  9127 | D:11     | Killed Josephine
  9444 | D:11     | Found a frozen archway.
  9444 | D:11     | Noticed a two-headed ogre
  9451 | D:11     | Reached skill level 21 in Axes
  9452 | D:11     | Killed a two-headed ogre
  9461 | IceCv    | Entered an ice cave
  9478 | IceCv    | Slain by a death yak simulacrum

Illustrated notes

Levels and vault maps discovered:
D:1:      dpeg_arrival_arbitrary_b, layout_loops_ring
D:2:      layout_basic, kennysheep_cross_bottleneck,
          nicolae_concentric_dashed_squares_wild, kennysheep_another_room
D:3:      layout_basic, nzn_wu_jian_council_hall, minmay_increasing_density
D:4:      layout_basic, gammafunk_ghost_split, gup_sewer_entry_pipe
D:5:      kennysheep_windowed_halls, layout_basic, minmay_temple_entry_mist
D:6:      layout_loops_corners, uniq_blork_the_orc
D:7:      layout_basic, gammafunk_ghost_abyssal_escape, enter_bailey_7
D:8:      layout_loops_cross
D:9:      layout_long_grid
D:10:     layout_loops_ring, david_orc_3, serial_bayou_pond_a
D:11:     layout_basic, erik_lair_orcish_takeover,
          portal_ice_cave_entry_pillars_2, uniq_erica, uniq_josephine
IceCv:    ice_cave_statue_garden_chambered

Skill      XL: |  1  2  3  4  5  6  7  8  9 10 11 |
---------------+----------------------------------+-----
Axes           | 4 5 6 8 9 11 14 17 19 21 | 21.4
Fighting       | |  3.6
Armour         | |  2.4
Dodging        | |  2.1

Action                     |  1- 3 |  4- 6 |  7- 9 | 10-12 || total
---------------------------+-------+-------+-------+-------++-------
  Melee: Hand axe          |    82 |   188 |   391 |   389 ||  1050
         Headbutt          |    11 |    18 |    69 |    70 ||   168
         Punch             |       |     1 |       |       ||     1
   Fire: Sling             |       |       |       |     2 ||     2
  Throw: Throwing net      |       |       |       |     7 ||     7
 Invoke: Berserk           |       |     3 |    10 |     8 ||    21
    Use: Scroll            |     2 |     3 |    15 |    10 ||    30
         Potion            |       |       |     2 |     4 ||     6
   Stab: Sleeping          |     1 |       |       |     1 ||     2
 Armour: Animal skin       |    16 |       |       |       ||    16
         Leather armour    |     7 |     8 |       |       ||    15
         Ring mail         |       |    40 |    53 |       ||    93
         Plate armour      |       |       |   109 |    34 ||   143
         Shadow dragon sca |       |       |       |   185 ||   185
  Dodge: Dodged            |    51 |    98 |   111 |   112 ||   372
  Block: Buckler           |       |     5 |    68 |    62 ||   135

Table legend: (Time is in decaauts)
 A = Elapsed time spent in this place.
 B = Non-inter-level travel time spent in this place.
 C = Inter-level travel time spent in this place.
 D = Time resting spent in this place.
 E = Time spent auto-exploring this place.
 F = Levels seen in this place.
 G = Mean time per level.
                   A        B        C        D        E       F      G
               +--------+--------+--------+--------+--------+-----+--------+
         Total |   9445 |   9182 |    263 |    630 |   6103 |  14 |  674.6 |
       Dungeon |   8648 |   8385 |    263 |    594 |   5904 |  11 |  786.2 |
         Sewer |    311 |    311 |      0 |      0 |     79 |   1 |  311.0 |
        Bailey |    467 |    467 |      0 |     36 |    119 |   1 |  467.0 |
      Ice Cave |     19 |     19 |      0 |      0 |      0 |   1 |   19.0 |
               +--------+--------+--------+--------+--------+-----+--------+

Top non-repeatable levels by time:
     D:5: 1093 daAuts
     D:4: 960 daAuts
     D:6: 946 daAuts
     D:7: 875 daAuts
     D:3: 774 daAuts
     D:8: 765 daAuts
     D:1: 718 daAuts
     D:2: 649 daAuts
     D:9: 644 daAuts
    D:11: 626 daAuts
    D:10: 595 daAuts
  Bailey: 467 daAuts
   Sewer: 311 daAuts
   IceCv: 19 daAuts
